 Dungeon Crawl Stone Soup version 0.31-a0-83-gbff143cfd1 (webtiles) character file.

Game seed: 16028386993907744628

381 garrulousMonolith the Covered (level 6, -1/39 HPs)
             Began as a Gargoyle Fighter on May 24, 2023.
             Slain by a gnoll
             ... wielding a +0 whip
             ... led by a gnoll sergeant
              (6 damage)
             ... on level 6 of the Dungeon.
             The game lasted 00:03:33 (2522 turns).

garrulousMonolith the Covered (Gargoyle Fighter)    Turns: 2522, Time: 00:03:34

Health: -1/39      AC: 17    Str: 19    XL:     6   Next: 75%
Magic:  6/6        EV:  7    Int: 11    God:
Gold:   188        SH:  4    Dex:  9    Spells: 5/5 levels left

rFire   . . .        a - +1 flail
rCold   . . .        c - +0 buckler
rNeg    + . .        u - +0 chain mail
rPois   ∞            (no helmet)
rElec   +            s - +1 cloak
rCorr   .            j - +0 pair of gloves
SInv    .            (no boots)
Will    .....        (no amulet) Stlth
                     (no ring)
HPRegen 0.26/turn    (no ring)
MPRegen 0.10/turn

%: no passive effects
@: weak-willed
A: sickness immunity, AC +4, negative energy resistance 1, electricity
resistance, torment resistance 1, petrification resistance
a: no special abilities


You were on level 6 of the Dungeon.
You visited 1 branch of the dungeon, and saw 5 of its levels.

You collected 188 gold pieces.

Inventory:

Hand Weapons
 a - a +1 flail (weapon)
 f - a +0 war axe
 n - a +2 dagger of electrocution
Missiles
 d - 7 curare-tipped darts
 h - 4 boomerangs (quivered)
Armour
 b - a +0 scale mail
 c - a +0 buckler (worn)
 j - a +0 pair of gloves (worn)
 s - a +1 cloak (worn)
 u - a +0 chain mail (worn)
Scrolls
 l - 2 scrolls of identify
 t - a scroll of poison {unknown}
 v - 2 scrolls of torment
Potions
 k - a potion of haste {unknown}
 o - a potion of brilliance {unknown}
 q - a potion of degeneration {unknown}
 r - a potion of invisibility {unknown}
 w - 2 potions of curing {unknown}


   Skills:
 + Level 4.6 Fighting
 * Level 4.5 Maces & Flails
 + Level 4.7 Armour
 + Level 4.6 Shields


You had 5 spell levels left.
You didn't know any spells.
Your spell library was empty.

Dungeon Overview and Level Annotations

Branches:
Dungeon (4/15)
 Temple: D:4-7

Altars:

Shops:
D:3 [


Innate Abilities, Weirdness & Mutations

You are immune to sickness and miasma.
Your stone body is resilient. (AC +4)
You are immune to poison.
You resist negative energy. (rN+)
You are resistant to electric shocks. (rElec)
You are resistant to unholy torment.
You are immune to petrification.


Message History

As you read the scroll labelled EFA MEKUAKK, it crumbles to dust.
Magic quickly surges around you.
It was a scroll of vulnerability.
The orc hits you but does no damage. The orc barely misses you.
The iguana barely misses you. The gnoll hits you with a +0 whip.
The gnoll hits you from afar with a +2 spear of venom.
As you read the scroll labelled ANILLI ZOTREGY, it crumbles to dust.
The scroll dissolves into smoke.
It was a scroll of fog.
The orc closely misses you. You block the orc's attack.
The iguana hisses menacingly.
The iguana bites you but does no damage.
The orc priest looks satisfied for a moment.
The gnoll hits you but does no damage.
As you read the scroll labelled FAZXEVVIUMU, it crumbles to dust.
It is a scroll of enchant weapon.
Your +0 flail glows red for a moment.
The orc hits you but does no damage. x2
The iguana bites you but does no damage.
The gnoll hits you with a +0 whip. The gnoll closely misses you.
As you read the scroll labelled MIMEAG UXAINI, it crumbles to dust.
It is a scroll of enchant armour.
Your +0 cloak glows green for a moment.
The gnoll sergeant hits you from afar with a +0 spear.
The orc hits you with a +0 short sword.
* * * LOW HITPOINT WARNING * * *
The orc barely misses you.
The iguana bites you but does no damage.
The gnoll barely misses you. The gnoll hits you but does no damage.
As you read the scroll labelled JYELISA COKA, it crumbles to dust.
The creatures around you are filled with an inner flame!
It was a scroll of immolation.
The orc closely misses you. The orc hits you but does no damage.
You block the iguana's attack. The gnoll hits you with a +0 whip.
* * * LOW HITPOINT WARNING * * *
You block the gnoll sergeant's attack. The gnoll closely misses you.
As you read the scroll labelled LEELET SOO, it crumbles to dust.
You feel aware of your surroundings.
It was a scroll of magic mapping.
The orc hits you but does no damage. You block the orc's attack.
The iguana bites you.
* * * LOW HITPOINT WARNING * * *
The gnoll hits you with a +0 whip.
You die...

****,,,,,,,,**,****,,,,,,,,,,*
,,,,,,***,,,....,,,,,,,,,,,,,*
,,,,,,,,,,,,,...,,,,,,,,,,,,,*
*****,,,,,..,#..#***,,,,,,,,,*
****,,****#.##..###*,,,,,,,,,*
,,,...####*.......#*,,,,,,,,,*
**........$..##§§§#*,,,,,,,,,*
,....[.....#.##§§§#*,,,,,,,,,*
,#.......^##.##o@§#*,,,,,,,,,*
,.#..........##gol#***********
,......g..#.g.oggg# ******
**........##...g§.# *,,,,*
*#...............# *,,,,*
###.##....>...##.#***,,,,*
*#........##........,,,,,,*
......##.....######.#*,,,,**
#..####..###..#* *...,,,,,**


You could see a gnoll sergeant (inner flame, weak-willed), an iguana (inner
flame, weak-willed), an orc priest (inner flame, weak-willed), 3 gnolls and 2
orcs.

Vanquished Creatures
  Sigmund (D:2)
  A scorpion (D:3)
  A jelly (D:3)
  Crazy Yiuf (D:2)
  An iguana (D:4)
  3 adders
  A white imp (D:4)
  A dart slug (D:2)
  2 orcs (D:4)
  3 endoplasms
  5 giant cockroaches
  7 goblins
  8 hobgoblins
  2 jackals (D:2)
  5 kobolds
  2 quokkas (D:2)
  2 ball pythons
  A bat (D:2)
  A frilled lizard (D:1)
  4 rats (D:1)
52 creatures vanquished.

Notes
Turn   | Place    | Note
-------+----------+-------------------------------------------
     0 | D:1      | garrulousMonolith the Gargoyle Fighter began the quest for
                  | the Orb.
     0 | D:1      | Reached XP level 1. HP: 14/14 MP: 1/1
    28 | D:1      | Reached XP level 2. HP: 13/19 MP: 2/2
   479 | D:1      | Found a faded altar of an unknown god.
   934 | D:2      | Reached XP level 3. HP: 23/23 MP: 3/3
  1052 | D:2      | Found a runed translucent door.
  1053 | D:2      | Noticed Crazy Yiuf
  1236 | D:2      | Noticed Sigmund
  1242 | D:2      | Killed Sigmund
  1243 | D:2      | Reached XP level 4. HP: 18/29 MP: 4/4
  1243 | D:2      | Reached XP level 5. HP: 20/33 MP: 5/5
  1388 | D:2      | Killed Crazy Yiuf
  1532 | D:3      | Reached XP level 6. HP: 36/39 MP: 6/6
  2073 | D:3      | Found Rinyul's Antique Armour Shoppe.
  2495 | D:4      | You fall into a shaft and drop 2 floors!
  2522 | D:6      | Slain by a gnoll

Illustrated notes

Levels and vault maps discovered:
D:1:      tarquinn_simple_flora_water_b, layout_loops_corners,
          hellmonk_ecumenical_altar_leap_of_faith, minmay_hexomino_c4
D:2:      layout_rooms, uniq_crazy_yiuf_cottage, uniq_sigmund
D:3:      layout_loops_ring, serial_shops, nicolae_shop_stone
D:4:      layout_rooms, nicolae_overflow_two_pavilions,
          kennysheep_generic_room_2
D:6:      layout_rooms

Skill      XL: |  1  2  3  4  5 |
---------------+----------------+-----
Fighting       | 4 |  4.6
Maces & Flails | 3 4 |  4.5
Armour         | 4 |  4.7
Shields        | 4 |  4.6

Action                     |  1- 3 |  4- 6 || total
---------------------------+-------+-------++-------
  Melee: Flail             |    88 |   104 ||   192
    Use: Potion            |     1 |       ||     1
         Scroll            |       |     7 ||     7
 Armour: Scale mail        |    58 |     9 ||    67
         Chain mail        |       |    76 ||    76
  Dodge: Dodged            |    50 |    49 ||    99
  Block: Buckler           |    22 |    36 ||    58

Table legend: (Time is in decaauts)
 A = Elapsed time spent in this place.
 B = Non-inter-level travel time spent in this place.
 C = Inter-level travel time spent in this place.
 D = Time resting spent in this place.
 E = Time spent auto-exploring this place.
 F = Levels seen in this place.
 G = Mean time per level.
                   A        B        C        D        E       F      G
               +--------+--------+--------+--------+--------+-----+--------+
         Total |   2574 |   2489 |     85 |    260 |   1750 |   5 |  514.8 |
       Dungeon |   2574 |   2489 |     85 |    260 |   1750 |   5 |  514.8 |
               +--------+--------+--------+--------+--------+-----+--------+

Top non-repeatable levels by time:
     D:3: 830 daAuts
     D:1: 830 daAuts
     D:2: 726 daAuts
     D:4: 160 daAuts
     D:6: 26 daAuts
